 Dungeon Crawl Stone Soup version 0.30-b1-5-g8e6c1be481 (webtiles) character file.

Game seed: 8992494874340324067

1698 Silvore the Carver (level 8, -3/70 HPs)
             Began as a Minotaur Fighter on May 4, 2023.
             Slain by Maggie
             ... wielding a +2 heavy halberd
              (9 damage)
             ... on level 7 of the Dungeon.
             The game lasted 00:06:02 (5829 turns).

Silvore the Carver (Minotaur Fighter)               Turns: 5829, Time: 00:06:03

Health: -3/70      AC: 10    Str: 23    XL:     8   Next: 72%
Magic:  7/7        EV: 10    Int:  5    God:
Gold:   303        SH:  5    Dex: 10    Spells: 7/7 levels left

rFire   . . .        q - +4 long sword (drain)
rCold   . . .        c - +0 buckler
rNeg    . . .        b - +0 scale mail
rPois   .            (helmet restricted)
rElec   .            n - +0 cloak
rCorr   .            (no gloves)
SInv    +            e - +0 pair of boots
Will    .....        x - amulet of regeneration Stlth
                     g - ring of see invisible
HPRegen 1.11/turn    (no ring)
MPRegen 0.10/turn

%: no passive effects
@: mighty
A: horns 2, retaliatory headbutt
a: no special abilities


You were on level 7 of the Dungeon.
You visited 1 branch of the dungeon, and saw 7 of its levels.

You collected 303 gold pieces.

Inventory:

Hand Weapons
 a - a +0 long sword of protection
 q - a +4 long sword of draining (weapon)
Armour
 b - a +0 scale mail (worn)
 c - a +0 buckler (worn)
 e - a +0 pair of boots (worn)
 n - a +0 cloak (worn)
Jewellery
 g - a ring of see invisible (left hand)
 x - an amulet of regeneration (around neck)
Wands
 r - a wand of roots (8)
Scrolls
 k - a scroll of amnesia
 u - 3 scrolls of teleportation
 w - 2 scrolls of fear
 y - a scroll of immolation {unknown}
Potions
 f - 2 potions of invisibility
 h - 2 potions of haste
 i - 2 potions of degeneration
 l - 2 potions of mutation
 m - 3 potions of curing {unknown}
 o - 3 potions of berserk rage
 p - a potion of brilliance {unknown}
 s - 2 potions of attraction {unknown}
 t - a potion of resistance {unknown}
 v - 2 potions of flight {unknown}


   Skills:
 + Level 6.0 Fighting
 + Level 9.0 Long Blades
 + Level 7.5 Armour
 + Level 3.3 Dodging
 + Level 0.8 Stealth
 + Level 5.6 Shields


You had 7 spell levels left.
You didn't know any spells.
Your spell library contained the following spells:

 Spells                   Type           Power      Damage    Failure   Level
 Summon Small Mammal      Summ           0%         N/A       82%         1
 Blink                    Tloc           0%         N/A       91%         2
 Ensorcelled Hibernation  Hex/Ice        0%         N/A       91%         2
 Lesser Beckoning         Tloc           0%         N/A       91%         2
 Momentum Strike          Conj/Tloc      0%         3d8       91%         2
 Static Discharge         Conj/Air       0%         2-2/arc   91%         2
 Call Canine Familiar     Summ           0%         N/A       99%         3
 Spider Form              Tmut/Pois      0%         N/A       99%         3
 Summon Guardian Golem    Hex/Summ       0%         N/A       99%         3
 Anguish                  Hex/Necr       0%         N/A       100%        4
 Cause Fear               Hex            0%         N/A       100%        4
 Iskenderun's Mystic Bla  Conj/Tloc      0%         2d3       100%        4
 Enfeeble                 Hex            0%         N/A       100%        7


Dungeon Overview and Level Annotations

Branches:
Dungeon (7/15)             Temple (0/1) D:7

Altars:
Kikubaaqudgha
Trog
Yredelemnul

Shops:
D:1 [   D:3 :

Annotations:
D:7 Maggie


Innate Abilities, Weirdness & Mutations

You have a pair of horns on your head.
You reflexively headbutt those who attack you in melee.


Message History

The wyvern bites you but does no damage.
You block the slime creature's attack.
You closely miss the wyvern.
The wyvern is severely wounded.
The wyvern barely misses you. The slime creature barely misses you.
The wyvern barely misses you.
You slash the wyvern! You drain the wyvern.
You kill the wyvern!
Maggie the Vainglorious comes into view.
She is wielding a +2 heavy halberd.
The slime creature hits you!
Your Fighting skill increases to level 6!
Your Long Blades skill increases to level 9!
You feel very mighty all of a sudden.
Maggie shouts!
You hear an angry growl.
Maggie mumbles some strange words.
Maggie attempts to bespell you!
You easily resist.
The slime creature hits you but does no damage.
You slash the slime creature! You drain the slime creature.
You headbutt the slime creature!
The slime creature is heavily wounded.
Maggie points at you and mumbles some strange words.
The bolt of fire hits you! You block the slime creature's attack.
You slash the slime creature! You drain the slime creature.
You headbutt the slime creature!
The slime creature is almost dead.
Maggie casts a spell at you. The bolt of fire hits you!
* * * LOW HITPOINT WARNING * * *
The slime creature hits you but does no damage.
Found a scroll of amnesia.
You see here a wyvern corpse.
The slime creature attacks as you move away!
The slime creature hits you!
* * * LOW HITPOINT WARNING * * *
You block Maggie's attack. Maggie barely misses you. You furiously retaliate!
You headbutt Maggie! You slash Maggie! You drain Maggie.
Maggie is heavily wounded.
Maggie hits you with a +2 heavy halberd!
You die...

## # ..# ##. ..#
#... #.# ...###.#
# #.....# # #.
#..@.# #. .
#@J########.#. .
##..OKchY.##..# #J
######....##..#(.
##.....###.##
#...........†
....##...........#
.#8.8#...........#
#8)..8#.........##
#8.>.8##..!#...##


You could see a slime creature (drained), Maggie (drained), a two-headed ogre,
an ice beast, a kobold brigand, a centaur and a howler monkey.

Vanquished Creatures
  A troll (D:7)
  A wyvern (D:7)
  2 water moccasins
  An ice beast (D:5)
  A sky beast (D:6)
  An ogre (D:5)
  A phantom (D:7)
  2 scorpions
  2 jellies (D:6)
  A gnoll bouda (D:6)
  2 orc priests
  3 hounds (D:5)
  3 sleepcaps
  An iguana (D:6)
  4 orc wizards
  7 adders
  7 gnolls (D:6)
  A shadow imp (D:6)
  2 white imps
  A worm (D:2)
  2 dart slugs (D:1)
  5 orcs
  4 endoplasms
  4 giant cockroaches
  7 goblins
  9 hobgoblins
  12 kobolds
  4 quokkas
  14 ball pythons
  6 bats
  5 frilled lizards
  2 rats
118 creatures vanquished.

Notes
Turn   | Place    | Note
-------+----------+-------------------------------------------
     0 | D:1      | Silvore the Minotaur Fighter began the quest for the Orb.
     0 | D:1      | Reached XP level 1. HP: 19/19 MP: 0/0
   175 | D:1      | Reached XP level 2. HP: 25/27 MP: 1/1
   231 | D:1      | Found Monlud's Antique Armour Emporium.
  1011 | D:2      | Reached XP level 3. HP: 33/33 MP: 2/2
  1208 | D:2      | Got the Spellbook of Percussion
  1700 | D:2      | Reached skill level 3 in Long Blades
  1863 | D:3      | Reached XP level 4. HP: 37/40 MP: 3/3
  2076 | D:3      | Found a faded altar of an unknown god.
  2193 | D:3      | Reached skill level 4 in Long Blades
  2481 | D:3      | Found Necaok's Book Shop.
  2492 | D:3      | You fall into a shaft and drop 3 floors!
  2534 | D:5      | Entered Level 5 of the Dungeon
  2616 | D:3      | Found a bloodstained altar of Trog.
  2759 | D:4      | Reached XP level 5. HP: 47/47 MP: 4/4
  2762 | D:4      | Reached skill level 1 in Dodging
  2921 | D:4      | Identified a scroll of acquirement
  2921 | D:4      | Acquired a +3 long sword of draining
  3161 | D:4      | Found a basalt altar of Yredelemnul.
  3296 | D:4      | Found an ancient bone altar of Kikubaaqudgha.
  3482 | D:5      | Reached skill level 5 in Long Blades
  3557 | D:5      | Noticed an ogre
  3562 | D:5      | Killed an ogre
  3563 | D:5      | Reached skill level 5 in Armour
  3563 | D:5      | Reached XP level 6. HP: 33/55 MP: 5/5
  3778 | D:5      | Noticed an ice beast
  3790 | D:5      | Killed an ice beast
  3791 | D:5      | Reached skill level 5 in Fighting
  3976 | D:5      | Reached skill level 6 in Long Blades
  4307 | D:5      | Reached XP level 7. HP: 45/61 MP: 6/6
  5023 | D:6      | Reached skill level 7 in Long Blades
  5379 | D:6      | Reached skill level 5 in Shields
  5379 | D:6      | Reached XP level 8. HP: 52/68 MP: 7/7
  5654 | D:6      | Reached skill level 8 in Long Blades
  5752 | D:7      | Noticed a troll
  5752 | D:7      | Found a staircase to the Ecumenical Temple.
  5757 | D:7      | Killed a troll
  5792 | D:7      | Noticed a two-headed ogre
  5799 | D:7      | Noticed a slime creature
  5821 | D:7      | Noticed Maggie
  5822 | D:7      | Reached skill level 9 in Long Blades
  5826 | D:7      | HP: 1/70 [slime creature (7)]
  5829 | D:7      | Slain by Maggie

Illustrated notes

Levels and vault maps discovered:
D:1:      dpeg_arrival_circle_labyrinth_c, layout_basic, serial_shops, shop,
          minivault_5, grunt_decor_fettered
D:2:      layout_basic
D:3:      layout_loops_ring, trog_book, serial_shops, nicolae_diamond_shop,
          hellmonk_ecumenical_altar_slurped_away, minmay_vboxes
D:4:      layout_basic, mainiacjoe_overflow_chevrons, overflow_temple_1_default,
          roderic_roman_lattice
D:5:      layout_layer_cave
D:6:      layout_gridville, minivault_23
D:7:      minmay_the_grid_octo_tiled_squarecenter
          [minmay_the_grid_octo_checkered, minmay_the_grid_octo_shrine,
          minmay_the_grid_octo_focus, minmay_the_grid_octo_empty,
          minmay_the_grid_square_5x5_megaprize_open,
          minmay_the_grid_square_5x5_percent,
          minmay_the_grid_square_5x5_bracketed,
          minmay_the_grid_square_5x5_three_walls,
          minmay_the_grid_square_5x5_two_small], layout_rooms,
          vehumet_altar_wand_db, minmay_temple_entry_statues, enter_bailey_6,
          serial_rivers, chequers_serial_rivers_small_b,
          chequers_serial_rivers_micro_c, chequers_serial_rivers_micro_a,
          chequers_serial_rivers_room_b, uniq_maggie

Skill      XL: |  1  2  3  4  5  6  7  8 |
---------------+-------------------------+-----
Fighting       | 4 5 6 |  6.0
Armour         | 4 5 6 7 |  7.5
Shields        | 4 5 |  5.6
Long Blades    | 3 4 5 6 7 9 |  9.0
Dodging        | 1 2 3 |  3.3
Stealth        | |  0.8

Action                     |  1- 3 |  4- 6 |  7- 9 || total
---------------------------+-------+-------+-------++-------
  Melee: Long sword        |   107 |   122 |   103 ||   332
         Headbutt          |    11 |    19 |    17 ||    47
    Use: Scroll            |     8 |     4 |     2 ||    14
         Potion            |       |     1 |     2 ||     3
 Armour: Scale mail        |    77 |    63 |    57 ||   197
  Dodge: Dodged            |    64 |    63 |    70 ||   197
  Block: Buckler           |    35 |    25 |    34 ||    94
